 Dungeon Crawl Stone Soup version 0.28-a0-895-g6e5f11bd55 (webtiles) character file.

Game seed: 5399166108079616156

118 horus123 the Conjurer (level 4, -2/24 HPs)
             Began as a Deep Elf Conjurer on Nov 22, 2021.
             Was a Believer of Fedhas.
             Slain by an orc priest (6 damage)
             ... on level 3 of the Dungeon.
             The game lasted 00:03:46 (2040 turns).

horus123 the Conjurer (Deep Elf Conjurer)           Turns: 2040, Time: 00:03:46

Health: -2/24      AC:  3    Str:  4    XL:     4   Next: 72%
Magic:  0/12       EV: 16    Int: 24    God:    Fedhas [**....]
Gold:   80         SH:  0    Dex: 13    Spells: 5/11 levels left

rFire   . . .      SeeInvis .   h - +0 dagger
rCold   . . .      Faith    .   (no shield)
rNeg    . . .      Spirit   .   a - +1 robe
rPois   .          Reflect  .   (no helmet)
rElec   .          Harm     .   (no cloak)
rCorr   .          Rampage  .   (no gloves)
Will    .....                   (no boots)
Stlth   ++........              (no amulet)
HPRegen 0.08/turn               f - +4 ring of evasion
MPRegen 0.13/turn               (no ring)

@: no status effects
A: no striking features
a: Renounce Religion, Wall of Briars


You were on level 3 of the Dungeon.
You worshipped Fedhas.
Fedhas was pleased with you.
You visited 1 branch of the dungeon, and saw 3 of its levels.

You collected 80 gold pieces.

Inventory:

Hand Weapons
 h - a +0 dagger (weapon)
Armour
 a - a +1 robe (worn)
Jewellery
 f - a +4 ring of evasion (left hand)
Scrolls
 b - a scroll of blinking
 d - a scroll of brand weapon {unknown}
 e - a scroll of identify
 g - a scroll of enchant armour
Potions
 c - a potion of might


   Skills:
 + Level 2.6 Dodging
 + Level 2.7 Stealth
 + Level 4.1 Spellcasting
 + Level 5.9 Conjurations
 * Level 1.3 Hexes


You had 5 spell levels left.
You knew the following spells:

 Your Spells              Type           Power      Damage    Failure   Level
a - Magic Dart            Conj           100%       1d8       1%          1
b - Searing Ray           Conj           66%        2d6       1%          2
c - Dazzling Flash        Conj/Hex       44%        N/A       6%          3

Your spell library contained the following spells:

 Spells                   Type           Power      Damage    Failure   Level
 Fulminant Prism          Conj/Hex       11%        3d9       22%         4
 Iskenderun's Mystic Bla  Conj/Tloc      19%        2d6       28%         4
 Irradiate                Conj/Tmut      9%         3d16      61%         5
 Blade Hands              Tmut           2%         N/A       95%         5
 Dragon Form              Tmut           2%         N/A       100%        7


Dungeon Overview and Level Annotations

Branches:
Dungeon (3/15)

Altars:
Fedhas


Message History

The giant cockroach is struck by your briar patch's thorns.
The giant cockroach dies!
Fedhas appreciates your contribution to the ecosystem.
The orc hits you but does no damage.
The magic dart hits the orc priest.
The orc priest is moderately wounded.
The bat is struck by your briar patch's thorns.
The bat dies!
Fedhas appreciates your contribution to the ecosystem.
The orc completely misses you. The orc priest misses you.
The magic dart hits the orc priest.
The orc priest is heavily wounded.
The orc barely misses you.
The orc priest hits you but does no damage.
The magic dart hits the orc priest.
The orc priest is heavily wounded.
The orc hits you but does no damage. The orc priest barely misses you.
Casting: Magic Dart (safe; 1% risk of failure)
Confirm with . or Enter, or press ? or * to list all spells.
Aiming: Searing Ray (safe; 1% risk of failure)
Press: ? - help, Shift-Dir - straight line, f/p - orc priest
Aim: an orc priest, wielding a +0 falchion (heavily wounded, 81% to hit)
The searing ray hits the orc priest.
The orc priest is almost dead. (Press . to maintain the ray.)
The orc barely misses you. The orc priest closely misses you.
Without enough magic to sustain it, your searing ray dissipates.
The orc hits you with a +1 vorpal mace!
* * * LOW HITPOINT WARNING * * *
x2 The orc priest hits you with a +0 falchion.
* * * LOW HITPOINT WARNING * * *
You hit the orc priest but do no damage.
The orc priest is almost dead.
The orc hits you but does no damage. The orc priest closely misses you.
You barely miss the orc priest.
The orc priest is almost dead.
The orc closely misses you.
The orc priest hits you with a +0 falchion.
You die...
Fedhas appreciates your contribution to the ecosystem.

###....#####
#..........#
#..........#
#..........#
#......?...#
#..>.).....##
###(..PPo....PP
......)@o......
#############..


You could see an orc priest and an orc (ally target).

Vanquished Creatures
  Terence (D:2)
  2 adders (D:2)
  3 gnolls (D:2)
  3 orcs
  4 endoplasms
  2 giant cockroaches (D:1)
  4 goblins
  4 hobgoblins
  A kobold (D:1)
  3 quokkas
  4 ball pythons
  2 bats
  A frilled lizard (D:1)
  2 rats
36 creatures vanquished.

Vanquished Creatures (collateral kills)
  An orc (D:3)
  A bat (D:3)
  A giant cockroach (D:3)
3 creatures vanquished.

Grand Total: 39 creatures vanquished

Notes
Turn   | Place    | Note
-------+----------+-------------------------------------------
     0 | D:1      | horus123 the Deep Elf Conjurer began the quest for the Orb.
     0 | D:1      | Reached XP level 1. HP: 10/10 MP: 6/6
   118 | D:1      | Found a faded altar of an unknown god.
   134 | D:1      | Prayed at the altar of an unknown god.
   134 | D:1      | Became a worshipper of Fedhas Madash
   134 | D:1      | Reached * piety under Fedhas
   221 | D:1      | Reached XP level 2. HP: 15/15 MP: 6/8
   449 | D:1      | Reached skill level 5 in Conjurations
   648 | D:1      | Learned a level 2 spell: Searing Ray
   962 | D:2      | Noticed Terence
   973 | D:2      | Killed Terence
   974 | D:2      | Reached XP level 3. HP: 8/19 MP: 1/10
   978 | D:2      | Learned a level 3 spell: Dazzling Flash
  1392 | D:2      | Reached XP level 4. HP: 24/24 MP: 5/11
  1396 | D:2      | Reached ** piety under Fedhas
  1460 | D:2      | Reached skill level 1 in Hexes
  2040 | D:3      | Slain by an orc priest

Illustrated notes

Levels and vault maps discovered:
D:1:      ebering_trefoil_3fold, layout_basic, basic_ecumenical_altar
D:2:      layout_loops_cross, amcnicky_mini_pool_small, uniq_terence
D:3:      layout_rooms, mainiacjoe_overflow_boulevard,
          overflow_temple_1_default, guppyfry_early_lair_pool

Skill      XL: |  1  2  3  4 |
---------------+-------------+-----
Conjurations   | 5 |  5.9
Hexes          | 1 |  1.3
Spellcasting   | 4 |  4.1
Dodging        | |  2.6
Stealth        | |  2.7

Action                   |  1- 3 |  4- 6 || total
-------------------------+-------+-------++-------
Melee: Dagger            |       |     2 ||     2
 Cast: Magic Dart        |    42 |    25 ||    67
       Searing Ray       |     2 |     3 ||     5
Invok: Wall of Briars    |       |     1 ||     1
  Use: Scroll            |     5 |       ||     5
Armor: Robe              |       |     5 ||     5
Dodge: Dodged            |       |    38 ||    38

Table legend: (Time is in decaauts)
 A = Elapsed time spent in this place.
 B = Non-inter-level travel time spent in this place.
 C = Inter-level travel time spent in this place.
 D = Time resting spent in this place.
 E = Time spent auto-exploring this place.
 F = Levels seen in this place.
 G = Mean time per level.
                   A        B        C        D        E       F      G
               +--------+--------+--------+--------+--------+-----+--------+
         Total |   2039 |   2021 |     18 |    204 |   1625 |   3 |  679.7 |
       Dungeon |   2039 |   2021 |     18 |    204 |   1625 |   3 |  679.7 |
               +--------+--------+--------+--------+--------+-----+--------+

Top non-repeatable levels by time:
     D:2: 1143 daAuts
     D:1: 880 daAuts
     D:3: 15 daAuts
